Map: Catalyst LE

Players

lllllllllllI - Winner!

  • Race: Protoss Protoss
  • League: Master
  • Spawn Location: 11:00

Meanwhile

  • Race: Terran Terran
  • League: Master
  • Spawn Location: 5:00

VOD

Have the link to the VOD?

Description

Time

  • Played on: Feb. 19, 2018, 9:02 p.m.
  • Length: 17:55
Show
View Real Time Build Order
Export as new Build Order

lllllllllllI Protoss - Winner!

Build Orders:  

Get SALT Encoding   

  12  0:01  Probe  
  6  2:10  Probe (Chrono Boost)  
  7  3:00  Probe  
  8  3:19  Probe (Chrono Boost)  
  9  3:28  Probe (Chrono Boost)  
  9  3:33  Probe (Chrono Boost)  
  11  3:43  Pylon  
  11  3:52  Probe (Chrono Boost)  
  12  4:03  Probe  
  13  4:15  Probe (Chrono Boost)  
  14  4:19  Gateway  
  15  4:25  Probe (Chrono Boost)  
  15  4:30  Probe (Chrono Boost)  
  16  4:42  Probe  
  16  4:44  Assimilator  
  17  4:54  Probe  
  18  5:04  Pylon  
  18  5:06  Probe (Chrono Boost)  
  19  5:08  Zealot  
  21  5:18  Probe (Chrono Boost), Assimilator  
  22  5:23  Probe (Chrono Boost)  
  23  5:29  Cybernetics Core  
  23  5:32  Probe  
  24  5:44  Probe  
  24  5:47  Gateway  
  25  6:06  Nexus  
  25  6:08  Probe  
  24  6:25  Probe  
  24  6:30  Stalker  
  27  6:34  Stalker  
  27  6:38  Probe  
  30  6:44  Robotics Facility  
  30  6:53  Pylon  
  30  6:58  Probe (Chrono Boost)  
  31  7:07  Warp Gate, Pylon  
  31  7:10  Probe (Chrono Boost)  
  32  7:18  Probe  
  32  7:19  Probe  
  32  7:20  Assimilator  
  34  7:30  Probe  
  34  7:31  Probe  
  36  7:42  Probe  
  36  7:43  Stalker x2  
  36  7:44  Probe  
  42  7:45  Observer  
  43  7:52  Robotics Bay  
  43  7:55  Probe  
  44  8:07  Probe  
  44  8:10  Immortal (Chrono Boost)  
  49  8:13  Stalker  
  49  8:19  Probe  
  52  8:20  Assimilator  
  52  8:24  Pylon  
  52  8:31  Probe  
  52  8:33  Shield Battery  
  53  8:35  Stalker  
  55  8:41  Pylon  
  55  8:46  Colossus  
  61  8:50  Probe x2  
  63  9:02  Probe  
  63  9:04  Stalker  
  63  9:05  Stalker  
  68  9:19  Pylon  
  68  9:20  Pylon  
  67  9:28  Probe (Chrono Boost)  
  69  9:32  Probe (Chrono Boost)  
  69  9:37  Probe (Chrono Boost), Forge  
  70  9:41  Probe (Chrono Boost), Forge  
  71  9:46  Forge  
  71  9:50  Twilight Council  
  71  9:51  Probe (Chrono Boost)  
  72  10:03  Colossus (Chrono Boost)  
  72  10:05  Nexus, Protoss Ground Weapons Level 1 (Chrono Boost)  
  78  10:21  Protoss Ground Armor Level 1 (Chrono Boost)  
  78  10:24  Protoss Shields Level 1 (Chrono Boost)  
  78  10:29  Gateway  
  78  10:32  Gateway  
  78  10:34  Probe x2  
  80  10:46  Probe x2, Pylon  
  80  10:48  Pylon  
  82  10:51  Pylon  
  82  10:57  Assimilator  
  82  10:58  Probe  
  82  11:01  Assimilator  
  83  11:06  Colossus  
  83  11:08  Pylon  
  89  11:15  Templar Archives  
  89  11:18  Blink  
  89  11:23  Stalker  
  91  11:32  Probe x2  
  93  11:33  Probe  
  93  11:38  Stalker  
  93  11:39  Stalker  
  98  11:45  Stalker, Probe  
  101  11:48  Photon Cannon  
  101  11:50  Photon Cannon  
  101  11:57  Probe  
  102  12:12  Psionic Storm  
  102  12:15  High Templar x2, Warp Prism  
  102  12:16  High Templar x2  
  112  12:23  Gravitic Drive  
  112  12:30  Protoss Ground Weapons Level 2  
  112  12:33  Probe  
  113  12:39  Probe  
  114  12:46  Probe  
  114  12:51  Probe  
  116  12:52  Nexus  
  116  12:53  Pylon  
  116  12:58  Probe  
  116  13:01  High Templar x2  
  120  13:20  Stalker x2  
  120  14:02  Stalker x3  
  124  14:03  Stalker  
  128  14:11  Protoss Ground Armor Level 2 (Chrono Boost), Protoss Shields Level 2 (Chrono Boost)  
  128  14:15  Colossus  
  128  14:16  Nexus, Probe  
  135  14:19  Pylon  
  135  14:22  Pylon  
  135  14:25  Pylon  
  135  14:28  Nexus  
  135  14:38  Pylon  
  135  14:57  Adept x2  
  135  14:58  Adept x2  
  129  15:09  Protoss Ground Weapons Level 3 (Chrono Boost)  
  129  15:16  Colossus  
  129  15:17  Gateway  
  129  15:19  Gateway  
  129  15:21  Gateway  
  127  15:45  Archon  
  127  15:46  Archon  
  107  16:01  High Templar x4  
  114  16:12  Probe  
  115  16:24  Probe  
  116  16:29  Warp Prism  
  116  16:30  Probe  
  119  16:34  Probe  
  119  16:36  Probe, Assimilator  
  119  16:37  Probe  
  122  16:41  Assimilator  
  122  16:42  Probe  
  122  16:44  Pylon  
  122  16:46  Probe  
  124  16:49  Probe  
  124  16:53  Pylon  
  125  16:55  Pylon  
  125  16:58  Pylon  
  125  17:01  Probe  
  125  17:07  Adept x5  
  125  17:08  Adept x2  
Show
View Real Time Build Order
Export as new Build Order

Meanwhile Terran 

Build Orders:  

Get SALT Encoding   

  12  0:00  SCV  
  13  0:13  SCV  
  14  0:18  Supply Depot  
  14  0:25  SCV  
  15  0:40  SCV  
  15  0:41  Barracks  
  3  2:00  SCV  
  2  2:18  Marine  
  2  2:46  Marine  
  3  3:34  SCV  
  4  3:56  SCV  
  5  4:13  SCV  
  6  4:25  SCV  
  7  4:37  SCV  
  8  4:45  Marine  
  9  4:54  SCV  
  10  5:06  SCV  
  11  5:21  Orbital Command  
  11  5:27  Marine  
  12  5:40  Bunker  
  12  5:46  SCV  
  13  5:51  Marine  
  14  5:58  SCV  
  15  6:06  Refinery  
  15  6:09  Marine  
  15  6:10  SCV  
  17  6:22  SCV  
  18  6:34  SCV  
  19  6:42  Marine  
  19  6:47  SCV  
  21  6:54  Supply Depot  
  21  6:59  SCV  
  21  7:00  Marine  
  23  7:14  Command Center  
  23  7:16  SCV  
  24  7:27  Factory  
  24  7:32  SCV  
  25  7:40  Barracks  
  25  7:41  Barracks Reactor  
  25  7:44  SCV  
  26  7:56  SCV  
  27  7:59  Barracks  
  27  8:04  Engineering Bay  
  27  8:10  SCV  
  28  8:18  Marine x2  
  30  8:25  Orbital Command  
  30  8:26  SCV  
  31  8:31  Barracks Tech Lab  
  31  8:32  Orbital Command  
  31  8:36  Terran Infantry Weapons Level 1  
  31  8:40  Marine  
  32  8:42  SCV  
  32  8:47  Barracks Tech Lab  
  33  8:50  Stimpack  
  33  9:01  SCV  
  34  9:03  Marine x2  
  34  9:04  Orbital Command  
  34  9:07  Combat Shields  
  34  9:08  Marine  
  37  9:10  Marine  
  37  9:11  Bunker  
  38  9:19  SCV  
  39  9:28  Marine x2  
  39  9:29  Marauder  
  44  9:31  SCV  
  44  9:33  SCV  
  45  9:42  Supply Depot  
  45  9:43  SCV  
  46  9:53  Supply Depot  
  46  9:57  Marine, SCV  
  46  9:58  Marauder x2  
  52  10:01  SCV  
  53  10:07  Supply Depot  
  53  10:08  Refinery  
  53  10:09  SCV  
  53  10:13  SCV  
  55  10:17  Factory  
  55  10:19  Refinery  
  55  10:21  SCV  
  55  10:24  Marauder  
  55  10:25  SCV  
  55  10:27  Marine  
  60  10:30  Marine  
  60  10:33  Supply Depot  
  61  10:36  SCV  
  62  10:46  Marine x2, Terran Infantry Armor Level 1  
  62  10:48  SCV  
  65  10:52  SCV  
  65  10:56  Concussive Shells  
  66  11:00  SCV  
  66  11:03  Supply Depot  
  67  11:06  SCV  
  67  11:09  Factory Reactor  
  68  11:12  SCV  
  68  11:14  Starport  
  69  11:19  SCV  
  69  11:23  Marine, Marauder  
  69  11:25  SCV  
  74  11:35  Marine, Marauder  
  74  11:39  SCV x2  
  79  11:41  Marine  
  79  11:44  Supply Depot  
  80  11:47  Supply Depot  
  80  11:50  Armory  
  80  11:52  Marauder  
  82  12:00  Marine, Marauder  
  84  12:04  Medivac x2  
  84  12:08  SCV x2  
  89  12:21  Supply Depot  
  89  12:22  Marine, Marauder, Supply Depot  
  92  12:23  Engineering Bay  
  92  12:33  SCV x2  
  94  12:40  Terran Infantry Weapons Level 2  
  94  12:44  Viking x2  
  98  12:45  SCV x2  
  98  12:47  Marine x2, Marauder  
  98  12:48  Marine  
  105  12:57  SCV  
  106  13:05  Marine x2  
  105  13:06  Marauder  
  105  13:08  Marauder  
  111  13:14  Viking  
  113  13:23  Marine x2  
  112  13:28  Marauder  
  112  13:29  Marine  
  110  13:39  Terran Infantry Armor Level 2  
  110  13:41  Marine x2  
  103  13:45  Barracks x2  
  103  13:46  Barracks  
  103  13:47  Marauder  
  103  13:49  Marine  
  103  13:52  Viking  
  99  13:58  SCV  
  99  13:59  Marine x2, SCV  
  103  14:07  Marauder  
  103  14:09  Marauder, Factory Reactor  
  107  14:11  SCV x2  
  109  14:18  Marine x2  
  109  14:20  Terran Ship Weapons Level 1  
  109  14:23  Medivac  
  113  14:24  SCV x2  
  113  14:27  Command Center  
  113  14:28  Marauder  
  113  14:29  Marine  
  118  14:38  Barracks Tech Lab  
  118  14:40  Barracks Reactor  
  118  14:42  Ghost Academy  
  118  14:48  Marauder, Refinery  
  118  14:50  Marauder  
  122  14:56  SCV x2  
  121  15:08  SCV x2  
  121  15:09  Marine, Marauder  
  126  15:17  Supply Depot  
  126  15:19  Marine, Viking, Supply Depot  
  126  15:20  Marauder  
  126  15:21  Marine, Marauder, Supply Depot  
  131  15:26  Marine  
  131  15:27  Marine, Viking  
  132  15:37  Marauder  
  132  15:38  Marine  
  132  15:39  Marine  
  124  15:47  Marine, Marauder x2  
  91  15:54  Marine  
  91  15:56  Marine  
  84  15:58  Marauder  
  81  16:07  Marine  
  81  16:08  Marine, Marauder x2  
  87  16:18  Marine  
  79  16:19  Marauder  
  81  16:34  Marine, Marauder  
  84  16:42  Marine  
  84  16:46  Marine, Marauder  
  88  16:53  Marine, Marauder  
Tags
 
Add a new tag
Caveats
  • Supply blocks, unpowered buildings, or Contaminate may cause inaccurate times.
  • Supply counts are checked every 10 seconds.